 Dungeon Sprint DCSS version 0.23.0-3-gf3c87f2 (webtiles) character file.

Game seed: 15919868993520651706

431 nuthulu the Blocker (level 6, 0/62 HPs)
             Began as a Minotaur Fighter on Feb 21, 2019.
             Was a Follower of Uskayaw.
             Slain by a skeletal warrior
             ... wielding a +0 mace
              (7 damage)
             ... in the Dungeon (Sprint IX: "|||||||||||||||||||||||||||||").
             The game lasted 00:01:42 (524 turns).

nuthulu the Blocker (Minotaur Fighter)               Turns: 524, Time: 00:01:42

Health: 0/62       AC: 10    Str: 23    XL:     6   Next: 66%
Magic:  5/5        EV: 12    Int:  7    God:    Uskayaw [*.....]
Gold:   0          SH:  0    Dex:  9    Spells: 5/5 levels left

rFire    . . .     SeeInvis .   p - +2 halberd of Dust {flame, Int+2}
rCold    . . .     Gourm    .   (shield currently unavailable)
rNeg     . . .     Faith    .   r - +1 scale mail
rPois    .         Spirit   .   (helmet restricted)
rElec    .         Reflect  .   (no cloak)
rCorr    .         Harm     .   q - +0 pair of gloves
MR       .....     NoTele   +   (no boots)
Stlth    ..........             (no amulet)
HPRegen  0.20/turn              (no ring)
MPRegen  0.09/turn              (no ring)

@: no status effects
A: retaliatory headbutt, horns 2
a: Stomp, Renounce Religion


You were in the Dungeon.
You worshipped Uskayaw.
Uskayaw was noncommittal.
You were not hungry.

You visited 1 branch

Inventory:

Hand Weapons
 a - a +0 trident
 p - the +2 halberd of Dust (weapon) {flame, Int+2}
   (You found it in the Dungeon)

   It has been specially enchanted to burn those struck by it, causing extra
   injury to most foes and up to half again as much damage against particularly
   susceptible opponents.
   Big, fiery blades are also staple armaments of hydra-hunters.
   It affects your intelligence (+2).
Armour
 b - a +0 scale mail
 c - a +0 shield
 q - a +0 pair of gloves (worn)
 r - a +1 scale mail (worn)
Jewellery
 n - a +3 ring of strength
 o - a +3 ring of dexterity
Wands
 m - a wand of acid (10)
Scrolls
 j - 3 scrolls of remove curse
 k - 2 scrolls of blinking
 l - 2 scrolls of amnesia
Potions
 d - a potion of might
 e - 5 potions of curing
 g - 3 potions of heal wounds
 h - a potion of invisibility
 i - 4 potions of magic
Comestibles
 f - a ration
 s - 6 chunks of flesh


   Skills:
 + Level 8.7 Fighting
 + Level 8.3 Polearms
 + Level 8.9 Armour
 + Level 4.4 Dodging
 + Level 9.6 Shields


You had 5 spell levels left.
You didn't know any spells.
Your spell library was empty.

Dungeon Overview and Level Annotations

Branches:
Dungeon (1/1)

Altars:
Cheibriados
Dithmenos
Elyvilon
Fedhas
Gozag
Hepliaklqana
Kikubaaqudgha
Makhleb
Nemelex Xobeh
Okawaru
Qazlal
Ru
Sif Muna
Trog
Uskayaw
Vehumet
Wu Jian
Xom
Yredelemnul
Zin
The Shining One
Beogh
Jiyva
Lugonu


Innate Abilities, Weirdness & Mutations

You reflexively headbutt those who attack you in melee.
You have a pair of horns on your head.


Message History

You headbutt the skeletal warrior.
The skeletal warrior is moderately damaged.
The orc warrior hits you from afar with a +0 glaive!
You closely miss the skeletal warrior.
The skeletal warrior is moderately damaged.
The skeletal warrior closely misses you.
The orc warrior misses you.
Unknown command.
You hit the skeletal warrior. You burn the skeletal warrior.
The skeletal warrior is moderately damaged.
The skeletal warrior hits you with a +0 mace!
* * * LOW HITPOINT WARNING * * *
The orc warrior hits you from afar with a +0 glaive!
* * * LOW HITPOINT WARNING * * *
Unknown command.
You closely miss the skeletal warrior.
You headbutt the skeletal warrior, but do no damage.
The skeletal warrior is moderately damaged.
The skeletal warrior hits you with a +0 mace!
You die... ▓▓▓▓▓▓▓▓▓▓▓▓▓▓▓▓▓▓▓▓▓▓▓▓ ..|(.[..()......@zoRJFF+ ▓▓▓▓▓▓▓▓▓▓▓▓▓▓▓▓▓▓▓▓▓▓▓▓

You could see a skeletal warrior, a slime creature, an efreet, an orc warrior and 2 bullfrogs.

Vanquished Creatures
  An ogre (D)
  A centaur (D)
  A big kobold (D)
  A scorpion (D)
  3 crimson imps (D)
  An orc wizard (D)
  A shadow imp (D)
  A leopard gecko (D)
  A bat (D)
  A goblin (D)
  A kobold (D)
  A leopard gecko skeleton (D)
  2 rats (D)
16 creatures vanquished.

Vanquished Creatures (others)
  A spatial maelstrom (D)
1 creature vanquished.

Grand Total: 17 creatures vanquished

Notes
Turn   | Place    | Note
-------+----------+-------------------------------------------
     0 | D        | nuthulu the Minotaur Fighter began the quest for the Orb.
     0 | D        | Reached XP level 1. HP: 19/19 MP: 0/0
     0 | D        | Banished a spatial maelstrom
     8 | D        | Reached skill level 4 in Shields
   132 | D        | Noticed a crimson imp
   132 | D        | Noticed a crimson imp
   132 | D        | Noticed an ogre
   132 | D        | Noticed an orc wizard
   154 | D        | Reached XP level 2. HP: 19/28 MP: 1/1
   162 | D        | Killed an ogre
   162 | D        | Reached skill level 5 in Polearms
   162 | D        | Reached skill level 6 in Shields
   162 | D        | Reached XP level 3. HP: 9/37 MP: 2/2
   162 | D        | Reached XP level 4. HP: 11/44 MP: 3/3
   164 | D        | Reached skill level 1 in Dodging
   164 | D        | Reached skill level 7 in Shields
   167 | D        | Reached XP level 5. HP: 14/51 MP: 4/4
   169 | D        | Reached skill level 8 in Shields
   392 | D        | Found a roughly hewn altar of Beogh.
   392 | D        | Found a snail-covered altar of Cheibriados.
   392 | D        | Found a shadowy altar of Dithmenos.
   392 | D        | Found a white marble altar of Elyvilon.
   392 | D        | Found a blossoming altar of Fedhas.
   392 | D        | Found an opulent altar of Gozag.
   410 | D        | Found a hazy altar of Hepliaklqana.
   411 | D        | Found a viscous altar of Jiyva.
   412 | D        | Found an ancient bone altar of Kikubaaqudgha.
   413 | D        | Found a corrupted altar of Lugonu.
   414 | D        | Found a burning altar of Makhleb.
   415 | D        | Found a sparkling altar of Nemelex Xobeh.
   416 | D        | Found an iron altar of Okawaru.
   417 | D        | Found a stormy altar of Qazlal.
   418 | D        | Found a sacrificial altar of Ru.
   419 | D        | Found a deep blue altar of Sif Muna.
   420 | D        | Found a bloodstained altar of Trog.
   421 | D        | Found a hide-covered altar of Uskayaw.
   422 | D        | Found a radiant altar of Vehumet.
   423 | D        | Found an ornate altar of the Wu Jian Council.
   424 | D        | Found a shimmering altar of Xom.
   425 | D        | Found a basalt altar of Yredelemnul.
   426 | D        | Found a glowing silver altar of Zin.
   427 | D        | Found a glowing golden altar of the Shining One.
   429 | D        | Became a worshipper of Uskayaw the Reveler
   457 | D        | Got the +2 halberd of Dust {flame, Int+2}
   486 | D        | Noticed a centaur
   487 | D        | Reached * piety under Uskayaw
   495 | D        | Reached ** piety under Uskayaw
   496 | D        | Reached *** piety under Uskayaw
   497 | D        | Killed a centaur
   497 | D        | Reached skill level 9 in Shields
   497 | D        | Reached XP level 6. HP: 51/62 MP: 5/5
   501 | D        | Reached **** piety under Uskayaw
   505 | D        | Reached ***** piety under Uskayaw
   518 | D        | Noticed an orc warrior
   518 | D        | Noticed a skeletal warrior
   518 | D        | Noticed an efreet
   518 | D        | Noticed a slime creature
   524 | D        | Slain by a skeletal warrior

Skill      XL: |  1  2  3  4  5  6 |
---------------+-------------------+-----
Fighting       | 4 6 8 |  8.7
Armour         | 4 6 7 8 |  8.9
Shields        | 4 6 7 9 |  9.6
Polearms       | 3 5 6 7 8 |  8.3
Dodging        | 1 3 4 |  4.4

Action                   |  1- 3 |  4- 6 || total
-------------------------+-------+-------++-------
Melee: Trident           |    44 |     7 ||    51
       Headbutt          |     8 |    10 ||    18
       Halberd           |       |    23 ||    23
  Use: Potion            |     2 |       ||     2
 Stab: Paralysed         |       |     1 ||     1
Armor: Scale mail        |    15 |     5 ||    20
Dodge: Dodged            |    10 |    15 ||    25
Block: Shield            |    29 |     2 ||    31
